 Dungeon Crawl Stone Soup version 0.27.0-1-g7a089689b8 (webtiles) character file.

Game seed: 3858875366477449388

1488 sasquatch the Basher (level 8, 0/64 HPs)
             Began as a Minotaur Berserker on Aug 3, 2021.
             Was a Priest of Trog.
             Slain by an unseen horror (9 damage)
             ... on level 5 of the Dungeon.
             The game lasted 00:04:34 (2588 turns).

sasquatch the Basher (Minotaur Berserker)           Turns: 2588, Time: 00:04:35

Health: 0/64       AC: 10    Str: 27 (30) XL:     8   Next: 51%
Magic:  7/7        EV:  8    Int:  2 (4)  God:    Trog [***...]
Gold:   123        SH:  0    Dex:  8 (10) Spells: 7/7 levels left

rFire    . . .     SeeInvis .   j - +1 flail (protect)
rCold    . . .     Faith    .   (no shield)
rNeg     . . .     Spirit   .   d - +0 chain mail
rPois    +         Reflect  .   (helmet restricted)
rElec    .         Harm     .   e - +1 cloak
rCorr    .         Rampage  .   (no gloves)
Will     .....                  (no boots)
Stlth    ..........             (no amulet)
HPRegen  0.20/turn              l - +6 ring of strength
MPRegen  0.10/turn              (no ring)

@: on berserk cooldown, slowed, very slow
A: horns 2, retaliatory headbutt, hooves 1, poison resistance
a: Renounce Religion, Berserk, Trog's Hand


You were on level 5 of the Dungeon.
You worshipped Trog.
Trog was most pleased with you.
You visited 1 branch of the dungeon, and saw 5 of its levels.
You also visited: Ossuary.

You collected 123 gold pieces.

Inventory:

Hand Weapons
 j - a +1 flail of protection (weapon)
 m - a +2 scimitar of holy wrath
Missiles
 g - 9 poisoned darts (quivered)
Armour
 d - a +0 chain mail (worn)
 e - a +1 cloak (worn)
Jewellery
 l - a +6 ring of strength (left hand)
Scrolls
 a - a scroll of enchant armour {unknown}
 c - 2 scrolls of immolation {unknown}
 i - 2 scrolls of identify {unknown}
 n - 2 scrolls of summoning {unknown}
 p - a scroll of teleportation {unknown}
 r - 2 scrolls of amnesia {unknown}
 s - a scroll of magic mapping {unknown}
 u - a scroll of fear {unknown}
Potions
 b - 2 potions of haste {unknown}
 f - a potion of curing {unknown}
 h - 2 potions of mutation
 k - 2 potions of resistance {unknown}
 o - a potion of heal wounds {unknown}
 q - 2 potions of degeneration
 t - 2 potions of lignification {unknown}
 v - a potion of flight {unknown}
 w - a potion of might {unknown}


   Skills:
 - Level 3.6 Fighting
 * Level 12.8 Maces & Flails
 - Level 2.4 Armour
 - Level 2.1 Dodging


You had 7 spell levels left.
You didn't know any spells.
Your spell library was empty.

Dungeon Overview and Level Annotations

Branches:
Dungeon (5/15)             Temple (0/1) D:5         Ossuary (visited)

Altars:
Ashenzari
Makhleb
Vehumet

Annotations:
D:4 exclusion: statue


Innate Abilities, Weirdness & Mutations

You have a pair of horns on your head.
You reflexively headbutt those who attack you in melee.
You have large cloven feet.
Your system is resistant to poisons. (rPois)


Message History

Something hits you but does no damage.
You miss something. You headbutt something.
Something hits you but does no damage. Something hits you.
The centaur skeleton completely misses you.
You furiously retaliate!
You headbutt the centaur skeleton!
The centaur skeleton closely misses you.
You hit the centaur skeleton. You headbutt the centaur skeleton.
The centaur skeleton is severely damaged.
The centaur skeleton barely misses you.
The centaur skeleton kicks you but does no damage.
You sock the centaur skeleton!
You destroy the centaur skeleton!
Trog accepts your kill. Something hits you but does no damage.
No target in view!
No target in view!
No target in view!
Something hits you.
Things that are here:
a +0 dagger; a +0 robe You start resting.
Something hits you but does no damage. x2
Something hits you but does no damage.
You start resting.
Something hits you. x2
Something hits you. x2
* * * LOW HITPOINT WARNING * * *
You hit something but do no damage.
Your weapon exudes an aura of protection.
Something hits you.
* * * LOW HITPOINT WARNING * * *
It was a potion of mutation.
You feel extremely strange.
You feel resistant to poisons.
Your feet thicken and deform.
Something hits you but does no damage. x2; Something hits you.
* * * LOW HITPOINT WARNING * * *
It was a potion of degeneration.
There was something very wrong with that liquid.
You feel weakened.
You feel dopey.
You feel clumsy. Something hits you but does no damage. Something hits you.
* * * LOW HITPOINT WARNING * * *
Something hits you!
You die...

####
⌠..>..⌠...........
....
.........##........
####
#...###.....#####
#.⌠. #...>.# #..
#.....# #### .
#.....# .# .#
#.....# # #.##...
###.### ## .....#
#@# .## ..... #.#
..##†.# #)# #.....#
#.# ##....### #.#
#.......(. ...
..##.##.## .####
.## .# # .. #.# ##
.# #. #.#


There were no monsters in sight!

Vanquished Creatures
  The ghost of tizzy the Sneak, an amateur DsBr (D:5)
  Eustachio (D:4)
  An acid dragon (D:5)
  2 necrophages
  A black bear (D:4)
  An ogre (D:4)
  5 water moccasin zombies (Ossuary)
  A centaur zombie (D:5)
  A hound (D:5)
  A jelly (D:5)
  A centaur skeleton (D:5)
  2 iguanas (D:5)
  3 orc wizards (D:5)
  A hound skeleton (D:5)
  2 mummies (Ossuary)
  3 adders
  An ufetubus (D:5)
  7 adder zombies (Ossuary)
  2 worms
  2 adder skeletons
  7 orcs
  2 ball pythons
  2 endoplasms
  3 giant cockroaches
  3 gnoll zombies (Ossuary)
  A goblin (D:3)
  5 hobgoblins
  3 jackals (D:1)
  2 kobolds
  5 quokkas
  3 bats
  A frilled lizard (D:3)
  4 hobgoblin zombies (Ossuary)
  2 kobold zombies (Ossuary)
  3 orc zombies (Ossuary)
  2 rats
87 creatures vanquished.

Vanquished Creatures (others)
  2 plants (D:4)
2 creatures vanquished.

Grand Total: 89 creatures vanquished

Notes
Turn   | Place    | Note
-------+----------+-------------------------------------------
     0 | D:1      | sasquatch the Minotaur Berserker began the quest for the
                  | Orb.
     0 | D:1      | Reached XP level 1. HP: 19/19 MP: 0/0
   127 | D:1      | Reached skill level 4 in Maces & Flails
   165 | D:1      | Reached XP level 2. HP: 26/26 MP: 1/1
   557 | D:2      | Found a burning altar of Makhleb.
   700 | D:2      | Reached skill level 5 in Maces & Flails
   793 | D:2      | Reached XP level 3. HP: 16/31 MP: 2/2
  1342 | D:3      | Reached ** piety under Trog
  1387 | D:4      | Noticed an ogre
  1392 | D:4      | Killed an ogre
  1393 | D:4      | Reached skill level 7 in Maces & Flails
  1393 | D:4      | Reached XP level 4. HP: 11/39 MP: 3/3
  1393 | D:4      | Reached XP level 5. HP: 13/45 MP: 4/4
  1703 | D:4      | Noticed a black bear
  1709 | D:4      | Killed a black bear
  1710 | D:4      | Reached skill level 8 in Maces & Flails
  1745 | D:4      | Found a radiant altar of Vehumet.
  1745 | D:4      | Noticed a frost-covered statue
  1787 | D:4      | Noticed Eustachio
  1797 | D:4      | Noticed a necrophage
  1799 | D:4      | Killed Eustachio
  1800 | D:4      | Reached skill level 9 in Maces & Flails
  1800 | D:4      | Reached XP level 6. HP: 51/51 MP: 5/5
  1891 | D:5      | Entered Level 5 of the Dungeon
  1909 | D:5      | Found a broken altar of Ashenzari.
  1921 | D:5      | Reached XP level 7. HP: 50/57 MP: 6/6
  1976 | D:5      | Reached skill level 10 in Maces & Flails
  2067 | D:5      | Found a sand-covered staircase.
  2074 | Ossuary  | Entered an ossuary
  2216 | Ossuary  | Reached skill level 11 in Maces & Flails
  2268 | Ossuary  | Reached XP level 8. HP: 60/64 MP: 7/7
  2271 | Ossuary  | Reached *** piety under Trog
  2433 | D:5      | Found a runed translucent gate.
  2434 | D:5      | Found a runed translucent gate.
  2435 | D:5      | Found a runed translucent gate.
  2435 | D:5      | Noticed tizzy's ghost (amateur DsBr)
  2449 | D:5      | Killed tizzy's ghost
  2450 | D:5      | Reached skill level 12 in Maces & Flails
  2535 | D:5      | Found a staircase to the Ecumenical Temple.
  2587 | D:5      | Gained mutation: Your system is resistant to poisons.
                  | (rPois) [potion of mutation]
  2587 | D:5      | Gained mutation: You have large cloven feet. [potion of
                  | mutation]
  2588 | D:5      | Slain by an unseen horror

Illustrated notes

Levels and vault maps discovered:
D:1:      dpeg_arrival_solitude, layout_rooms, chequers_avenue,
          minmay_heptomino_l4
D:2:      kb_forest_paths, layout_loops_corners, basic_altar
D:3:      layout_basic, gammafunk_ghost_smash, kennysheep_generic_room_6
D:4:      layout_basic, mainiacjoe_overflow_surrounded_room, vehumet_statue,
          overflow_temple_1_default, ebering_ghost_reflecting_pool,
          serial_shops, shop, serial_bayou_crossing, uniq_eustachio
D:5:      layout_loops_ring, cheibrodos_ashenzari_chains,
          minmay_temple_entry_junction, enter_ossuary_5,
          ebering_ghost_rock_garden, minmay_manual_monolith, uniq_ijyb

Skill      XL: |  1  2  3  4  5  6  7  8 |
---------------+-------------------------+-----
Maces & Flails | 4 5 7 9 11 12 | 12.8
Fighting       | |  3.6
Armour         | |  2.4
Dodging        | |  2.1

Action                   |  1- 3 |  4- 6 |  7- 9 || total
-------------------------+-------+-------+-------++-------
Melee: Mace              |    45 |       |       ||    45
       Headbutt          |    12 |     5 |    20 ||    37
       Flail             |    19 |    18 |   130 ||   167
Invok: Berserk           |     2 |     2 |     3 ||     7
  Use: Potion            |       |       |     2 ||     2
Armor: Animal skin       |     7 |     2 |       ||     9
       Chain mail        |       |    31 |    66 ||    97
Dodge: Dodged            |    31 |    25 |    54 ||   110
